Flames vs Blackhawks
Created - 17 janvier 2017 at 19:44
Goals
|
| Flames |
0 |
3 |
0 |
3 |
| Blackhawks |
2 |
2 |
1 |
5 |
|
Shots
|
| Flames |
9 |
20 |
7 |
36 |
| Blackhawks |
12 |
9 |
8 |
29 |
|
1st period
1. Blackhawks , Dave Tanabe 1 (Brendan Bell, Ryan Hollweg) at 0:54
2. Blackhawks , Kyle Brodziak 3 (Denis Grebeshkov, Carson Mcmillan) at 3:43
Penalties :
Brendan Bell (Chi) for Tripping (Minor) at 11:06, Ryan Hollweg (Chi) for Tripping (Minor) at 18:44
2nd period
3. Flames , Michel Ouellet 6 (Steve Regier, Erik Johnson) at 0:38 (PP)
4. Flames , Michel Ouellet 7 (Tomas Kaberle, Steve Eminger) at 1:49
5. Flames , Steve Regier 9 (Patrik Berglund, Robyn Regehr) at 2:02
6. Blackhawks , Ian White 3 (Joni Pitkanen) at 4:31
7. Blackhawks , Antoine Roussel 12 (Derick Brassard) at 8:26
Penalties :
Jordin Tootoo (Cal) for Holding (Minor) at 12:56, Robyn Regehr (Cal) for Holding (Minor) at 16:29, Joni Pitkanen (Chi) for High sticking (Minor) at 16:58
3rd period
8. Blackhawks , Patrick Kane 23 (Ian White, Jimmy Howard) at 7:23
Penalties :
Michel Ouellet (Cal) for Hooking (Minor) at 1:56, Tomas Fleischmann (Chi) for Tripping (Minor) at 4:11
Goalie Stats
Pekka Rinne (Cal), 24 saves from 29 shots - (0,828), L, 14-13-2, 60:00 minutes
Jimmy Howard (Chi), 33 saves from 36 shots - (0,917), W, 19-8-1, 60:00 minutes
Players Stats for Flames
Player Name G A P +/- PIM S H SB GA TA FO MP PP MP PK MP
------------------------------------------------------------------------------------
Alexander Semin 0 0 0 -1 0 5 2 0 3 1 0/0 21:17 2:13 1:41
Brad Marchand 0 0 0 -2 0 2 2 1 1 0 0/0 11:06 0:58 2:00
Colin Wilson 0 0 0 -2 0 0 1 0 0 0 2/3 7:18 0:00 0:00
David Backes 0 0 0 -1 0 5 0 0 0 1 0/0 18:32 2:13 0:00
Eric Staal 0 0 0 -1 0 7 1 2 1 0 3/19 21:50 2:13 1:19
Erik Johnson 0 1 1 0 0 1 1 1 0 0 0/0 20:17 4:08 2:02
Jonathan Ferland 0 0 0 -2 0 0 2 0 0 0 0/0 8:55 0:58 0:00
Jordin Tootoo 0 0 0 -1 2 3 3 0 1 0 1/3 17:13 0:59 1:08
Marcel Goc 0 0 0 1 0 0 0 0 0 0 4/7 12:24 0:00 2:38
Mark Bell 0 0 0 1 0 0 0 0 0 0 0/0 10:35 0:00 0:08
Michel Ouellet 2 0 2 1 2 3 4 1 1 0 0/1 12:19 3:10 0:00
Noah Welch 0 0 0 -1 0 0 1 1 0 0 0/0 15:45 2:13 0:00
Patrik Berglund 0 1 1 -1 0 2 1 0 0 0 9/20 16:09 3:10 0:00
Robyn Regehr 0 1 1 0 2 0 0 1 1 0 0/0 15:55 2:13 0:00
Ron Hainsey 0 0 0 -2 0 1 2 2 0 3 0/0 19:14 0:27 2:25
Steve Eminger 0 1 1 -2 0 1 4 3 1 0 0/0 23:58 0:00 2:25
Steve Regier 1 1 2 -1 0 4 2 0 0 1 1/2 16:23 3:09 0:00
Tomas Kaberle 0 1 1 -1 0 2 0 1 0 1 0/0 24:50 3:41 2:02
Players Stats for Blackhawks
Player Name G A P +/- PIM S H SB GA TA FO MP PP MP PK MP
------------------------------------------------------------------------------------
Antoine Roussel 1 0 1 0 0 3 2 0 0 0 2/3 21:04 2:41 1:18
Brendan Bell 0 1 1 2 2 2 3 1 0 0 0/0 17:52 0:00 2:06
Carson Mcmillan 0 1 1 1 0 0 0 0 0 0 0/0 7:42 0:00 0:00
Dave Tanabe 1 0 1 2 0 2 0 2 0 0 0/0 16:09 1:32 0:52
Denis Grebeshkov 0 1 1 0 0 0 0 0 0 1 0/0 19:41 1:32 2:37
Derick Brassard 0 1 1 0 0 1 2 0 2 1 14/23 19:30 2:41 0:00
Ian White 1 1 2 1 0 2 0 1 0 0 0/0 22:07 2:55 0:00
Jonathan Toews 0 0 0 2 0 2 2 0 0 1 7/14 17:22 1:46 1:33
Joni Pitkanen 0 1 1 1 2 2 0 1 1 2 0/0 24:33 2:54 3:23
Kurt Sauer 0 0 0 0 0 0 1 0 1 1 0/0 20:27 0:00 3:44
Kyle Brodziak 1 0 1 1 0 1 0 1 0 0 2/2 7:55 0:00 0:07
Niclas Bergfors 0 0 0 2 0 6 2 0 0 0 0/0 14:55 2:41 0:00
Oleg Saprykin 0 0 0 1 0 1 3 0 1 1 0/0 11:31 0:00 3:28
Patrick Kaleta 0 0 0 0 0 0 4 0 0 1 0/0 11:41 0:00 1:19
Patrick Kane 1 0 1 0 0 5 0 0 2 1 2/3 18:40 1:46 0:00
Peter Regin 0 0 0 0 0 0 0 0 0 0 7/9 13:57 0:00 3:28
Ryan Hollweg 0 1 1 2 2 2 0 0 0 0 1/1 15:43 1:46 0:42
Tomas Fleischmann 0 0 0 0 2 0 3 1 0 0 0/0 11:16 0:00 0:47
3 Stars
1 - Michel Ouellet (Cal)
2 - Ian White (Chi)
3 - Dave Tanabe (Chi)
Power Play
Flames - 1 on 4 Attempt(s) - 25,00%
Blackhawks - 0 on 3 Attempt(s) - 0,00%
Penalty Kill
Flames - 3 on 3 Attempt(s) - 100,00%
- Score 0 goal in Penalty Kill
Blackhawks - 3 on 4 Attempt(s) - 75,00%
- Score 0 goal in Penalty Kill
Team Stat
Flames - Hits : 26 - Faceoff Wins : 20 - Blocked Shots : 13 - Penalty Minutes : 6
Blackhawks - Hits : 22 - Faceoff Wins : 35 - Blocked Shots : 7 - Penalty Minutes : 8
Official
Referees : Kowal Tom and O'Halloran Dan
Linesman : Don Henderson and Derek Nansen
Game Notes
No Game Note
Finance
Level 1 -- Attendance: 5005 (83,42%) -- Ticket Income 465 465 $
Level 2 -- Attendance: 3787 (75,74%) -- Ticket Income 219 646 $
Level 3 -- Attendance: 1324 (66,20%) -- Ticket Income 48 988 $
Level 4 -- Attendance: 2698 (67,45%) -- Ticket Income 70 148 $
Luxury Box -- Attendance: 720 (72,00%) -- Ticket Income 124 560 $
Game was played at the Rexall Place.
Total Attendance: 13534 (75,19%)
Total Ticket Income: 928 807 $
Other Income: 139 321 $
Total Income: 1 068 128 $
Flames
5 vs 5 Forward
Center Left Wing Right Wing Time % Phy DF OF
1 Eric Staal Alexander Semin David Backes 39 1 2 2
2 Patrik Berglund Steve Regier Jordin Tootoo 30 1 2 2
3 Marcel Goc Mark Bell Michel Ouellet 21 1 2 2
4 Colin Wilson Brad Marchand Jonathan Ferland 10 1 2 2
5 vs 5 Defense
Defense Defense Time % Phy DF OF
1 Tomas Kaberle Steve Eminger 40 1 2 2
2 Robyn Regehr Erik Johnson 30 1 2 2
3 Ron Hainsey Noah Welch 20 1 2 2
4 Ron Hainsey Steve Eminger 10 1 2 2
PowerPlay Forward
Center Left Wing Right Wing Time % Phy DF OF
1 Eric Staal Alexander Semin David Backes 60 1 1 3
2 Patrik Berglund Steve Regier Michel Ouellet 40 1 1 3
PowerPlay Defense
Defense Defense Time % Phy DF OF
1 Tomas Kaberle Erik Johnson 60 1 1 3
2 Robyn Regehr Noah Welch 40 1 1 3
Penalty Kill 4 Players Forward
Center Wing Time % Phy DF OF
1 Marcel Goc Jordin Tootoo 60 1 3 1
2 Eric Staal Alexander Semin 40 1 3 1
Penalty Kill 4 Players Defense
Defense Defense Time % Phy DF OF
1 Ron Hainsey Steve Eminger 60 1 4 0
2 Tomas Kaberle Erik Johnson 40 1 4 0
Penalty Kill - 3 Players Forward
Forward Time % Phy DF OF
1 Eric Staal 60 1 4 0
2 Alexander Semin 40 1 4 0
Penalty Kill - 3 Players Defense
Defense Defense Time % Phy DF OF
1 Ron Hainsey Steve Eminger 60 1 4 0
2 Tomas Kaberle Erik Johnson 40 1 4 0
4 vs 4 Forward
Center Wing Time % Phy DF OF
1 Eric Staal Alexander Semin 60 1 2 2
2 Patrik Berglund Jordin Tootoo 40 1 2 2
4 vs 4 Defense
Defense Defense Time % Phy DF OF
1 Tomas Kaberle Steve Eminger 60 1 2 2
2 Robyn Regehr Erik Johnson 40 1 2 2
Last Minutes Offensive
Center Left Wing Right Wing Defense Defense
Eric Staal Alexander Semin David Backes Erik Johnson Steve Eminger
Last Minutes Defensive
Center Left Wing Right Wing Defense Defense
Eric Staal Alexander Semin David Backes Erik Johnson Steve Eminger
Goaltenders
Starting : Pekka Rinne
Backup : Craig Anderson
Extra Forwards
Normal : Alexander Semin, Jordin Tootoo, Steve Regier - PP : Jordin Tootoo, Steve Regier - PK : Brad Marchand
Extra Defensemen
Normal : Erik Johnson, Tomas Kaberle, Ron Hainsey - PP : Steve Eminger - PK : Erik Johnson, Tomas Kaberle
Penalty Shots
Eric Staal, Alexander Semin, Patrik Berglund, David Backes, Colin Wilson
Blackhawks
5 vs 5 Forward
Center Left Wing Right Wing Time % Phy DF OF
1 Derick Brassard Antoine Roussel Patrick Kane 40 1 2 2
2 Jonathan Toews Ryan Hollweg Niclas Bergfors 30 1 2 2
3 Peter Regin Tomas Fleischmann Patrick Kaleta 20 1 2 2
4 Kyle Brodziak Oleg Saprykin Carson Mcmillan 10 1 2 2
5 vs 5 Defense
Defense Defense Time % Phy DF OF
1 Ian White Joni Pitkanen 40 1 2 2
2 Kurt Sauer Denis Grebeshkov 30 1 2 2
3 Dave Tanabe Brendan Bell 20 1 2 2
4 Ian White Joni Pitkanen 10 1 2 2
PowerPlay Forward
Center Left Wing Right Wing Time % Phy DF OF
1 Derick Brassard Antoine Roussel Niclas Bergfors 60 1 2 2
2 Jonathan Toews Ryan Hollweg Patrick Kane 40 1 2 2
PowerPlay Defense
Defense Defense Time % Phy DF OF
1 Ian White Joni Pitkanen 60 1 2 2
2 Dave Tanabe Denis Grebeshkov 40 1 2 2
Penalty Kill 4 Players Forward
Center Wing Time % Phy DF OF
1 Peter Regin Oleg Saprykin 60 1 2 2
2 Jonathan Toews Antoine Roussel 40 1 2 2
Penalty Kill 4 Players Defense
Defense Defense Time % Phy DF OF
1 Kurt Sauer Joni Pitkanen 60 1 2 2
2 Brendan Bell Denis Grebeshkov 40 1 2 2
Penalty Kill - 3 Players Forward
Forward Time % Phy DF OF
1 Peter Regin 60 1 2 2
2 Jonathan Toews 40 1 2 2
Penalty Kill - 3 Players Defense
Defense Defense Time % Phy DF OF
1 Kurt Sauer Joni Pitkanen 60 1 2 2
2 Brendan Bell Denis Grebeshkov 40 1 2 2
4 vs 4 Forward
Center Wing Time % Phy DF OF
1 Derick Brassard Antoine Roussel 60 1 2 2
2 Jonathan Toews Patrick Kane 40 1 2 2
4 vs 4 Defense
Defense Defense Time % Phy DF OF
1 Ian White Joni Pitkanen 60 1 2 2
2 Kurt Sauer Denis Grebeshkov 40 1 2 2
Last Minutes Offensive
Center Left Wing Right Wing Defense Defense
Derick Brassard Antoine Roussel Patrick Kane Ian White Joni Pitkanen
Last Minutes Defensive
Center Left Wing Right Wing Defense Defense
Jonathan Toews Antoine Roussel Patrick Kane Ian White Joni Pitkanen
Goaltenders
Starting : Jimmy Howard
Backup : Al Montoya
Extra Forwards
Normal : Tomas Fleischmann, Peter Regin, Patrick Kaleta - PP : Tomas Fleischmann, Peter Regin - PK : Patrick Kaleta
Extra Defensemen
Normal : Joni Pitkanen, Denis Grebeshkov, Kurt Sauer - PP : Joni Pitkanen - PK : Denis Grebeshkov, Kurt Sauer
Penalty Shots
Patrick Kane, Derick Brassard, Jonathan Toews, Niclas Bergfors, Antoine Roussel
% Time on Ice - Flames
Lines # - Real PCT - Wanted PCT - Time Play
Normal Forward
1 - 38% - 39% - 18:04
2 - 28% - 30% - 13:10
3 - 19% - 21% - 9:10
4 - 15% - 10% - 7:18
Normal Defense
1 - 41% - 40% - 19:22
2 - 29% - 30% - 14:00
3 - 26% - 20% - 12:14
4 - 4% - 10% - 2:06
PP Forward
1 - 48% - 60% - 3:02
2 - 52% - 40% - 3:19
PP Defense
1 - 58% - 60% - 3:41
2 - 42% - 40% - 2:40
PK Forward
1 - 89% - 60% - 3:58
2 - 11% - 40% - 0:29
PK Defense
1 - 54% - 60% - 2:25
2 - 46% - 40% - 2:02
PK3 Forward
1 - 0% - 60%
2 - 0% - 40%
PK3 Defense
1 - 0% - 60%
2 - 0% - 40%
44 Forward
1 - 100% - 60% - 1:30
2 - 0% - 40% - 0:00
44 Defense
1 - 53% - 60% - 0:48
2 - 47% - 40% - 0:42
Last Minute Offensive - 0:00
Last Minute Defensive - 0:00
Total
Forward - 60:00
Defense - 60:00
|
% Time on Ice - Blackhawks
Lines # - Real PCT - Wanted PCT - Time Play
Normal Forward
1 - 37% - 40% - 17:39
2 - 26% - 30% - 12:30
3 - 21% - 20% - 9:51
4 - 16% - 10% - 7:42
Normal Defense
1 - 40% - 40% - 18:58
2 - 33% - 30% - 15:32
3 - 24% - 20% - 11:29
4 - 4% - 10% - 1:43
PP Forward
1 - 60% - 60% - 2:41
2 - 40% - 40% - 1:46
PP Defense
1 - 66% - 60% - 2:55
2 - 34% - 40% - 1:32
PK Forward
1 - 80% - 60% - 5:03
2 - 20% - 40% - 1:18
PK Defense
1 - 61% - 60% - 3:52
2 - 39% - 40% - 2:29
PK3 Forward
1 - 0% - 60%
2 - 0% - 40%
PK3 Defense
1 - 0% - 60%
2 - 0% - 40%
44 Forward
1 - 79% - 60% - 1:11
2 - 21% - 40% - 0:19
44 Defense
1 - 100% - 60% - 1:30
2 - 0% - 40% - 0:00
Last Minute Offensive - 0:00
Last Minute Defensive - 0:00
Total
Forward - 60:00
Defense - 60:00
|
Play by Play
1st period
0:01 of 1st period - Derick Brassard wins face-off versus Eric Staal in neutral zone.
0:08 of 1st period - Snap shot by Derick Brassard.
0:08 of 1st period - Shot Blocked by Eric Staal.
0:10 of 1st period - Snap shot by Derick Brassard.
0:10 of 1st period - Shot Blocked by Steve Eminger.
0:12 of 1st period - Slapshot by Joni Pitkanen.
0:12 of 1st period - Stopped by Pekka Rinne without a rebound.
0:13 of 1st period - Jonathan Toews wins face-off versus Patrik Berglund in Flames zone.
0:22 of 1st period - Snap shot by Patrik Berglund.
0:22 of 1st period - Stopped by Jimmy Howard with a rebound.
0:38 of 1st period - Niclas Bergfors is hit by Colin Wilson.
0:50 of 1st period - Backhand shot by Ryan Hollweg.
0:50 of 1st period - Stopped by Pekka Rinne with a rebound.
0:52 of 1st period - Slapshot by Brendan Bell.
0:52 of 1st period - Stopped by Pekka Rinne with a rebound.
0:54 of 1st period - Snap shot by Dave Tanabe.
0:54 of 1st period - Goal by Dave Tanabe - Flames : 0 - Blackhawks : 1.
0:55 of 1st period - Peter Regin wins face-off versus Marcel Goc in neutral zone.
1:18 of 1st period - Icing by Ian White.
1:19 of 1st period - Peter Regin wins face-off versus Eric Staal in Blackhawks zone.
1:48 of 1st period - Slapshot by Ian White.
1:48 of 1st period - Deflect By Kyle Brodziak.
1:48 of 1st period - Shot Misses the Net.
1:48 of 1st period - Puck is out of play.
1:49 of 1st period - Kyle Brodziak wins face-off versus Patrik Berglund in Flames zone.
2:15 of 1st period - Kurt Sauer is hit by Ron Hainsey and loses puck.
2:34 of 1st period - Snap shot by Oleg Saprykin.
2:34 of 1st period - Shot Misses the Net.
2:36 of 1st period - Snap shot by Oleg Saprykin.
2:36 of 1st period - Shot Blocked by Ron Hainsey.
3:15 of 1st period - Slapshot by Oleg Saprykin.
3:15 of 1st period - Stopped by Pekka Rinne with a rebound.
3:43 of 1st period - Snap shot by Kyle Brodziak.
3:43 of 1st period - Goal by Kyle Brodziak - Flames : 0 - Blackhawks : 2.
3:44 of 1st period - Derick Brassard wins face-off versus Eric Staal in neutral zone.
3:57 of 1st period - Wrist shot by David Backes.
3:57 of 1st period - Shot Misses the Net.
3:59 of 1st period - Snap shot by David Backes.
3:59 of 1st period - Shot Misses the Net.
4:01 of 1st period - Backhand shot by Steve Eminger.
4:01 of 1st period - Shot Blocked by Dave Tanabe.
4:11 of 1st period - Tomas Kaberle is hit by Brendan Bell and loses puck.
4:48 of 1st period - Icing by Brad Marchand.
4:49 of 1st period - Eric Staal wins face-off versus Derick Brassard in Flames zone.
4:54 of 1st period - Wrist shot by Alexander Semin.
4:54 of 1st period - Shot Misses the Net.
4:56 of 1st period - Slapshot by Eric Staal.
4:56 of 1st period - Stopped by Jimmy Howard without a rebound.
4:57 of 1st period - Derick Brassard wins face-off versus Eric Staal in Blackhawks zone.
5:10 of 1st period - Wrist shot by Patrick Kane.
5:10 of 1st period - Deflect By Antoine Roussel.
5:10 of 1st period - Stopped by Pekka Rinne without a rebound.
5:11 of 1st period - Patrick Kane wins face-off versus Eric Staal in Flames zone.
5:43 of 1st period - Mark Bell is hit by Brendan Bell and loses puck.
6:04 of 1st period - Robyn Regehr is hit by Patrick Kaleta and loses puck.
6:22 of 1st period - Off-side.
6:23 of 1st period - Derick Brassard wins face-off versus Jordin Tootoo in neutral zone.
6:32 of 1st period - Snap shot by Patrik Berglund.
6:32 of 1st period - Deflect By Steve Regier.
6:32 of 1st period - Stopped by Jimmy Howard without a rebound.
6:33 of 1st period - Derick Brassard wins face-off versus Eric Staal in Blackhawks zone.
7:11 of 1st period - Slapshot by David Backes.
7:11 of 1st period - Stopped by Jimmy Howard with a rebound.
7:13 of 1st period - Snap shot by Eric Staal.
7:13 of 1st period - Stopped by Jimmy Howard with a rebound.
7:15 of 1st period - Slapshot by Steve Eminger.
7:15 of 1st period - Shot Misses the Net.
7:24 of 1st period - Slapshot by Eric Staal.
7:24 of 1st period - Deflect By David Backes.
7:24 of 1st period - Shot Misses the Net.
7:24 of 1st period - Puck is out of play.
7:25 of 1st period - Marcel Goc wins face-off versus Jonathan Toews in Blackhawks zone.
7:38 of 1st period - Robyn Regehr is hit by Jonathan Toews and loses puck.
8:02 of 1st period - Wrist shot by Brad Marchand.
8:02 of 1st period - Stopped by Jimmy Howard with a rebound.
8:04 of 1st period - Wrist shot by Colin Wilson.
8:04 of 1st period - Shot Misses the Net.
8:29 of 1st period - Denis Grebeshkov is hit by Michel Ouellet and loses puck.
8:44 of 1st period - Snap shot by Derick Brassard.
8:44 of 1st period - Deflect By Antoine Roussel.
8:44 of 1st period - Shot Misses the Net.
8:44 of 1st period - Puck is out of play.
8:45 of 1st period - Jonathan Toews wins face-off versus Marcel Goc in Flames zone.
8:54 of 1st period - Snap shot by Ryan Hollweg.
8:54 of 1st period - Shot Misses the Net.
8:56 of 1st period - Snap shot by Ian White.
8:56 of 1st period - Deflect By Ron Hainsey.
8:56 of 1st period - Stopped by Pekka Rinne with a rebound.
8:58 of 1st period - Snap shot by Jonathan Toews.
8:58 of 1st period - Shot Misses the Net.
9:00 of 1st period - Slapshot by Joni Pitkanen.
9:00 of 1st period - Stopped by Pekka Rinne with a rebound.
9:10 of 1st period - Joni Pitkanen is hit by Ron Hainsey and loses puck.
9:16 of 1st period - Off-side.
9:17 of 1st period - Jonathan Toews wins face-off versus Eric Staal in neutral zone.
9:44 of 1st period - Denis Grebeshkov is hit by Erik Johnson and loses puck.
9:57 of 1st period - Wrist shot by Alexander Semin.
9:57 of 1st period - Shot Misses the Net.
9:59 of 1st period - Slapshot by David Backes.
9:59 of 1st period - Stopped by Jimmy Howard with a rebound.
10:57 of 1st period - Wrist shot by Ryan Hollweg.
10:57 of 1st period - Stopped by Pekka Rinne without a rebound.
10:58 of 1st period - Patrik Berglund wins face-off versus Derick Brassard in Flames zone.
11:06 of 1st period - Minor Penalty to Brendan Bell for Tripping.
11:07 of 1st period - Patrik Berglund wins face-off versus Peter Regin in Blackhawks zone.
11:14 of 1st period - Snap shot by Michel Ouellet.
11:14 of 1st period - Shot Misses the Net.
11:20 of 1st period - Snap shot by Steve Regier.
11:20 of 1st period - Stopped by Jimmy Howard with a rebound.
11:22 of 1st period - Slapshot by Tomas Kaberle.
11:22 of 1st period - Deflect By Peter Regin.
11:22 of 1st period - Stopped by Jimmy Howard with a rebound.
13:04 of 1st period - Denis Grebeshkov is hit by Brad Marchand and loses puck.
13:06 of 1st period - Penalty to Brendan Bell is over, Brendan Bell is back on ice.
13:19 of 1st period - Snap shot by Jonathan Toews.
13:19 of 1st period - Stopped by Pekka Rinne with a rebound.
13:27 of 1st period - Snap shot by Jonathan Toews.
13:27 of 1st period - Shot Misses the Net.
13:29 of 1st period - Snap shot by Brendan Bell.
13:29 of 1st period - Shot Blocked by Robyn Regehr.
13:31 of 1st period - Slapshot by Dave Tanabe.
13:31 of 1st period - Shot Blocked by Michel Ouellet.
13:33 of 1st period - Slapshot by Brendan Bell.
13:33 of 1st period - Stopped by Pekka Rinne with a rebound.
13:55 of 1st period - Slapshot by Marcel Goc.
13:55 of 1st period - Shot Misses the Net.
13:58 of 1st period - Icing by Dave Tanabe.
13:59 of 1st period - Patrik Berglund wins face-off versus Jonathan Toews in Blackhawks zone.
14:46 of 1st period - Patrick Kane is hit by Steve Eminger and loses puck.
15:07 of 1st period - Joni Pitkanen is hit by Steve Regier and loses puck.
15:46 of 1st period - Kurt Sauer is hit by Jonathan Ferland and loses puck.
16:24 of 1st period - Steve Eminger is hit by Patrick Kaleta and loses puck.
16:37 of 1st period - Brendan Bell is hit by Jonathan Ferland and loses puck.
17:35 of 1st period - Dave Tanabe is hit by Brad Marchand and loses puck.
17:50 of 1st period - Patrick Kane is hit by Noah Welch and loses puck.
18:16 of 1st period - Kurt Sauer is hit by Eric Staal and loses puck.
18:44 of 1st period - Minor Penalty to Ryan Hollweg for Tripping.
18:45 of 1st period - Peter Regin wins face-off versus Michel Ouellet in Blackhawks zone.
Goals for this period are 0 for Flames vs 2 for Blackhawks.
Shots for this period are 9 for Flames vs 12 for Blackhawks.
2nd period
0:01 of 2nd period - Peter Regin wins face-off versus Eric Staal in neutral zone.
0:38 of 2nd period - Snap shot by Michel Ouellet.
0:38 of 2nd period - Goal by Michel Ouellet - Flames : 1 - Blackhawks : 2.
0:39 of 2nd period - Patrick Kane wins face-off versus Patrik Berglund in neutral zone.
0:48 of 2nd period - Snap shot by Patrick Kane.
0:48 of 2nd period - Stopped by Pekka Rinne with a rebound.
1:28 of 2nd period - Snap shot by Patrick Kane.
1:28 of 2nd period - Stopped by Pekka Rinne with a rebound.
1:49 of 2nd period - Slapshot by Michel Ouellet.
1:49 of 2nd period - Goal by Michel Ouellet - Flames : 2 - Blackhawks : 2.
1:50 of 2nd period - Jonathan Toews wins face-off versus Patrik Berglund in neutral zone.
2:02 of 2nd period - Slapshot by Patrik Berglund.
2:02 of 2nd period - Deflect By Steve Regier.
2:02 of 2nd period - Goal by Steve Regier - Flames : 3 - Blackhawks : 2.
2:03 of 2nd period - Patrik Berglund wins face-off versus Jonathan Toews in neutral zone.
2:10 of 2nd period - Snap shot by Steve Regier.
2:10 of 2nd period - Shot Misses the Net.
2:53 of 2nd period - Slapshot by Tomas Kaberle.
2:53 of 2nd period - Stopped by Jimmy Howard with a rebound.
2:59 of 2nd period - Slapshot by Michel Ouellet.
2:59 of 2nd period - Stopped by Jimmy Howard with a rebound.
3:31 of 2nd period - Snap shot by Ryan Hollweg.
3:31 of 2nd period - Shot Misses the Net.
3:33 of 2nd period - Slapshot by Dave Tanabe.
3:33 of 2nd period - Shot Blocked by Ron Hainsey.
3:52 of 2nd period - Off-side.
3:53 of 2nd period - Derick Brassard wins face-off versus Eric Staal in neutral zone.
4:21 of 2nd period - Wrist shot by Alexander Semin.
4:21 of 2nd period - Stopped by Jimmy Howard without a rebound.
4:22 of 2nd period - Steve Regier wins face-off versus Jonathan Toews in Blackhawks zone.
4:31 of 2nd period - Snap shot by Ian White.
4:31 of 2nd period - Goal by Ian White - Flames : 3 - Blackhawks : 3.
4:32 of 2nd period - Eric Staal wins face-off versus Jonathan Toews in neutral zone.
5:03 of 2nd period - Antoine Roussel is hit by Patrik Berglund and loses puck.
5:08 of 2nd period - Steve Eminger is hit by Derick Brassard and loses puck.
5:44 of 2nd period - Snap shot by David Backes.
5:44 of 2nd period - Stopped by Jimmy Howard with a rebound.
5:46 of 2nd period - Wrist shot by Eric Staal.
5:46 of 2nd period - Stopped by Jimmy Howard without a rebound.
5:47 of 2nd period - Peter Regin wins face-off versus Eric Staal in Blackhawks zone.
6:27 of 2nd period - Snap shot by Eric Staal.
6:27 of 2nd period - Deflect By Alexander Semin.
6:27 of 2nd period - Shot Misses the Net.
6:27 of 2nd period - Puck is out of play.
6:28 of 2nd period - Patrik Berglund wins face-off versus Derick Brassard in Blackhawks zone.
6:37 of 2nd period - Wrist shot by Patrik Berglund.
6:37 of 2nd period - Stopped by Jimmy Howard with a rebound.
6:53 of 2nd period - Jonathan Toews is hit by Michel Ouellet and loses puck.
8:22 of 2nd period - Snap shot by Jonathan Toews.
8:22 of 2nd period - Stopped by Pekka Rinne without a rebound.
8:23 of 2nd period - Derick Brassard wins face-off versus Eric Staal in Flames zone.
8:26 of 2nd period - Snap shot by Antoine Roussel.
8:26 of 2nd period - Goal by Antoine Roussel - Flames : 3 - Blackhawks : 4.
8:27 of 2nd period - Derick Brassard wins face-off versus Jordin Tootoo in neutral zone.
8:27 of 2nd period - Patrick Kane is hit by Jordin Tootoo and loses puck.
8:52 of 2nd period - Joni Pitkanen is hit by Steve Eminger and loses puck.
8:57 of 2nd period - Slapshot by Eric Staal.
8:57 of 2nd period - Shot Blocked by Ian White.
10:16 of 2nd period - Wrist shot by Alexander Semin.
10:16 of 2nd period - Shot Misses the Net.
10:18 of 2nd period - Slapshot by Steve Eminger.
10:18 of 2nd period - Shot Misses the Net.
10:20 of 2nd period - Slapshot by Alexander Semin.
10:20 of 2nd period - Stopped by Jimmy Howard without a rebound.
10:21 of 2nd period - Jonathan Toews wins face-off versus Eric Staal in Blackhawks zone.
10:38 of 2nd period - Ryan Hollweg is hit by Steve Eminger and loses puck.
10:45 of 2nd period - Wrist shot by Eric Staal.
10:45 of 2nd period - Stopped by Jimmy Howard with a rebound.
10:47 of 2nd period - Snap shot by David Backes.
10:47 of 2nd period - Shot Misses the Net.
10:51 of 2nd period - Snap shot by David Backes.
10:51 of 2nd period - Shot Misses the Net.
10:53 of 2nd period - Backhand shot by David Backes.
10:53 of 2nd period - Shot Misses the Net.
10:55 of 2nd period - Wrist shot by David Backes.
10:55 of 2nd period - Stopped by Jimmy Howard without a rebound.
10:56 of 2nd period - Antoine Roussel wins face-off versus Patrik Berglund in Blackhawks zone.
10:56 of 2nd period - Antoine Roussel is hit by Jordin Tootoo.
11:01 of 2nd period - Off-side.
11:02 of 2nd period - Derick Brassard wins face-off versus Patrik Berglund in neutral zone.
12:52 of 2nd period - Snap shot by Niclas Bergfors.
12:52 of 2nd period - Stopped by Pekka Rinne without a rebound.
12:53 of 2nd period - Patrik Berglund wins face-off versus Jonathan Toews in Flames zone.
12:53 of 2nd period - Patrik Berglund is hit by Niclas Bergfors.
12:56 of 2nd period - Minor Penalty to Jordin Tootoo for Holding.
12:57 of 2nd period - Derick Brassard wins face-off versus Marcel Goc in Flames zone.
13:09 of 2nd period - Snap shot by Niclas Bergfors.
13:09 of 2nd period - Deflect By Antoine Roussel.
13:09 of 2nd period - Shot Misses the Net.
13:09 of 2nd period - Puck is out of play.
13:10 of 2nd period - Marcel Goc wins face-off versus Derick Brassard in Flames zone.
13:10 of 2nd period - Marcel Goc is hit by Antoine Roussel.
14:56 of 2nd period - Penalty to Jordin Tootoo is over, Jordin Tootoo is back on ice.
15:05 of 2nd period - Mark Bell is hit by Tomas Fleischmann and loses puck.
15:10 of 2nd period - Wrist shot by Peter Regin.
15:10 of 2nd period - Shot Misses the Net.
15:12 of 2nd period - Slapshot by Kurt Sauer.
15:12 of 2nd period - Shot Misses the Net.
15:36 of 2nd period - Snap shot by Mark Bell.
15:36 of 2nd period - Shot Blocked by Brendan Bell.
15:38 of 2nd period - Wrist shot by Eric Staal.
15:38 of 2nd period - Deflect By Jordin Tootoo.
15:38 of 2nd period - Stopped by Jimmy Howard with a rebound.
15:42 of 2nd period - Snap shot by Eric Staal.
15:42 of 2nd period - Stopped by Jimmy Howard with a rebound.
16:02 of 2nd period - Slapshot by Eric Staal.
16:02 of 2nd period - Stopped by Jimmy Howard with a rebound.
16:04 of 2nd period - Backhand shot by Mark Bell.
16:04 of 2nd period - Shot Misses the Net.
16:06 of 2nd period - Wrist shot by Jordin Tootoo.
16:06 of 2nd period - Shot Misses the Net.
16:08 of 2nd period - Slapshot by Steve Eminger.
16:08 of 2nd period - Shot Misses the Net.
16:10 of 2nd period - Snap shot by Eric Staal.
16:10 of 2nd period - Shot Blocked by Kyle Brodziak.
16:12 of 2nd period - Slapshot by Steve Eminger.
16:12 of 2nd period - Deflect By Kurt Sauer.
16:12 of 2nd period - Stopped by Jimmy Howard without a rebound.
16:13 of 2nd period - Colin Wilson wins face-off versus Derick Brassard in Blackhawks zone.
16:29 of 2nd period - Minor Penalty to Robyn Regehr for Holding.
16:30 of 2nd period - Marcel Goc wins face-off versus Derick Brassard in Flames zone.
16:44 of 2nd period - Snap shot by Antoine Roussel.
16:44 of 2nd period - Shot Blocked by Erik Johnson.
16:58 of 2nd period - Minor Penalty to Joni Pitkanen for High sticking.
16:59 of 2nd period - Eric Staal wins face-off versus Derick Brassard in Blackhawks zone.
17:12 of 2nd period - Snap shot by Derick Brassard.
17:12 of 2nd period - Stopped by Pekka Rinne with a rebound.
17:28 of 2nd period - Icing by Derick Brassard.
17:29 of 2nd period - Jordin Tootoo wins face-off versus Derick Brassard in Blackhawks zone.
17:36 of 2nd period - Snap shot by Jordin Tootoo.
17:36 of 2nd period - Stopped by Jimmy Howard with a rebound.
17:58 of 2nd period - Snap shot by Jordin Tootoo.
17:58 of 2nd period - Stopped by Jimmy Howard with a rebound.
18:00 of 2nd period - Wrist shot by Erik Johnson.
18:00 of 2nd period - Stopped by Jimmy Howard with a rebound.
18:02 of 2nd period - Slapshot by Ron Hainsey.
18:02 of 2nd period - Stopped by Jimmy Howard with a rebound.
18:18 of 2nd period - Brendan Bell is hit by Steve Regier and loses puck.
18:29 of 2nd period - Penalty to Robyn Regehr is over, Robyn Regehr is back on ice.
18:58 of 2nd period - Penalty to Joni Pitkanen is over, Joni Pitkanen is back on ice.
19:20 of 2nd period - Wrist shot by Niclas Bergfors.
19:20 of 2nd period - Stopped by Pekka Rinne without a rebound.
19:21 of 2nd period - Colin Wilson wins face-off versus Jonathan Toews in Flames zone.
19:21 of 2nd period - Colin Wilson is hit by Niclas Bergfors.
19:29 of 2nd period - Snap shot by Niclas Bergfors.
19:29 of 2nd period - Shot Blocked by Steve Eminger.
19:31 of 2nd period - Snap shot by Niclas Bergfors.
19:31 of 2nd period - Shot Blocked by Brad Marchand.
19:33 of 2nd period - Wrist shot by Niclas Bergfors.
19:33 of 2nd period - Stopped by Pekka Rinne with a rebound.
19:45 of 2nd period - Kyle Brodziak is hit by Michel Ouellet and loses puck.
Goals for this period are 3 for Flames vs 2 for Blackhawks.
Shots for this period are 20 for Flames vs 9 for Blackhawks.
3rd period
0:01 of 3rd period - Antoine Roussel wins face-off versus Patrik Berglund in neutral zone.
0:06 of 3rd period - Wrist shot by Patrick Kane.
0:06 of 3rd period - Stopped by Pekka Rinne with a rebound.
0:26 of 3rd period - Alexander Semin is hit by Tomas Fleischmann and loses puck.
0:37 of 3rd period - Slapshot by Alexander Semin.
0:37 of 3rd period - Stopped by Jimmy Howard with a rebound.
0:53 of 3rd period - Snap shot by Niclas Bergfors.
0:53 of 3rd period - Stopped by Pekka Rinne without a rebound.
0:54 of 3rd period - Jonathan Toews wins face-off versus Patrik Berglund in Flames zone.
0:55 of 3rd period - Wrist shot by Niclas Bergfors.
0:55 of 3rd period - Shot Misses the Net.
1:56 of 3rd period - Minor Penalty to Michel Ouellet for Hooking.
1:57 of 3rd period - Marcel Goc wins face-off versus Derick Brassard in Flames zone.
2:34 of 3rd period - Wrist shot by Patrick Kane.
2:34 of 3rd period - Stopped by Pekka Rinne with a rebound.
3:25 of 3rd period - Ian White is hit by Alexander Semin and loses puck.
3:56 of 3rd period - Penalty to Michel Ouellet is over, Michel Ouellet is back on ice.
4:02 of 3rd period - Ron Hainsey is hit by Tomas Fleischmann and loses puck.
4:11 of 3rd period - Minor Penalty to Tomas Fleischmann for Tripping.
4:12 of 3rd period - Peter Regin wins face-off versus Eric Staal in Blackhawks zone.
4:58 of 3rd period - Noah Welch is hit by Oleg Saprykin.
5:10 of 3rd period - Robyn Regehr is hit by Brendan Bell and loses puck.
5:31 of 3rd period - Tomas Kaberle is hit by Patrick Kaleta and loses puck.
6:11 of 3rd period - Penalty to Tomas Fleischmann is over, Tomas Fleischmann is back on ice.
6:40 of 3rd period - Mark Bell is hit by Oleg Saprykin and loses puck.
7:05 of 3rd period - Noah Welch is hit by Derick Brassard and loses puck.
7:12 of 3rd period - Joni Pitkanen is hit by Steve Eminger and loses puck.
7:23 of 3rd period - Snap shot by Patrick Kane.
7:23 of 3rd period - Goal by Patrick Kane - Flames : 3 - Blackhawks : 5.
7:24 of 3rd period - Patrik Berglund wins face-off versus Antoine Roussel in neutral zone.
7:47 of 3rd period - Icing by Patrik Berglund.
7:48 of 3rd period - Jonathan Toews wins face-off versus Patrik Berglund in Flames zone.
8:18 of 3rd period - Off-side.
8:19 of 3rd period - Derick Brassard wins face-off versus Eric Staal in neutral zone.
9:04 of 3rd period - Brad Marchand is hit by Antoine Roussel and loses puck.
9:44 of 3rd period - Slapshot by Antoine Roussel.
9:44 of 3rd period - Stopped by Pekka Rinne without a rebound.
9:45 of 3rd period - Ryan Hollweg wins face-off versus Eric Staal in Flames zone.
9:59 of 3rd period - Snap shot by Alexander Semin.
9:59 of 3rd period - Stopped by Jimmy Howard without a rebound.
10:00 of 3rd period - Peter Regin wins face-off versus Patrik Berglund in Blackhawks zone.
10:27 of 3rd period - Steve Eminger is hit by Jonathan Toews and loses puck.
10:32 of 3rd period - Wrist shot by Niclas Bergfors.
10:32 of 3rd period - Shot Blocked by Eric Staal.
10:38 of 3rd period - Wrist shot by Ryan Hollweg.
10:38 of 3rd period - Shot Blocked by Tomas Kaberle.
11:27 of 3rd period - Wrist shot by Ryan Hollweg.
11:27 of 3rd period - Shot Misses the Net.
11:32 of 3rd period - Off-side.
11:33 of 3rd period - Derick Brassard wins face-off versus Eric Staal in neutral zone.
12:06 of 3rd period - Snap shot by Eric Staal.
12:06 of 3rd period - Deflect By David Backes.
12:06 of 3rd period - Stopped by Jimmy Howard with a rebound.
12:08 of 3rd period - Slapshot by Alexander Semin.
12:08 of 3rd period - Shot Misses the Net.
12:33 of 3rd period - David Backes is hit by Patrick Kaleta.
12:41 of 3rd period - Joni Pitkanen is hit by Alexander Semin and loses puck.
12:52 of 3rd period - Wrist shot by Alexander Semin.
12:52 of 3rd period - Shot Misses the Net.
12:54 of 3rd period - Snap shot by Alexander Semin.
12:54 of 3rd period - Shot Blocked by Tomas Fleischmann.
12:56 of 3rd period - Backhand shot by Alexander Semin.
12:56 of 3rd period - Shot Misses the Net.
13:14 of 3rd period - Slapshot by Peter Regin.
13:14 of 3rd period - Shot Blocked by Noah Welch.
13:24 of 3rd period - Snap shot by Alexander Semin.
13:24 of 3rd period - Shot Misses the Net.
13:36 of 3rd period - Snap shot by Eric Staal.
13:36 of 3rd period - Stopped by Jimmy Howard with a rebound.
13:38 of 3rd period - Wrist shot by Eric Staal.
13:38 of 3rd period - Shot Blocked by Joni Pitkanen.
13:40 of 3rd period - Snap shot by Alexander Semin.
13:40 of 3rd period - Stopped by Jimmy Howard without a rebound.
13:41 of 3rd period - Derick Brassard wins face-off versus Patrik Berglund in Blackhawks zone.
13:41 of 3rd period - Derick Brassard is hit by Jordin Tootoo.
14:11 of 3rd period - Steve Eminger is hit by Kurt Sauer and loses puck.
14:31 of 3rd period - Icing by Steve Eminger.
14:32 of 3rd period - Kyle Brodziak wins face-off versus Colin Wilson in Flames zone.
14:37 of 3rd period - Wrist shot by Oleg Saprykin.
14:37 of 3rd period - Shot Misses the Net.
14:41 of 3rd period - Slapshot by Dave Tanabe.
14:41 of 3rd period - Stopped by Pekka Rinne without a rebound.
14:42 of 3rd period - Patrik Berglund wins face-off versus Patrick Kane in Flames zone.
14:54 of 3rd period - Slapshot by Steve Regier.
14:54 of 3rd period - Stopped by Jimmy Howard without a rebound.
14:55 of 3rd period - Derick Brassard wins face-off versus Steve Regier in Blackhawks zone.
15:42 of 3rd period - Patrick Kane is hit by Michel Ouellet and loses puck.
16:28 of 3rd period - Icing by Jordin Tootoo.
16:29 of 3rd period - Patrik Berglund wins face-off versus Peter Regin in Flames zone.
16:42 of 3rd period - Snap shot by Jordin Tootoo.
16:42 of 3rd period - Shot Misses the Net.
17:06 of 3rd period - Snap shot by Patrik Berglund.
17:06 of 3rd period - Shot Blocked by Dave Tanabe.
17:31 of 3rd period - Ron Hainsey is hit by Oleg Saprykin and loses puck.
17:46 of 3rd period - Slapshot by Brendan Bell.
17:46 of 3rd period - Deflect By Niclas Bergfors.
17:46 of 3rd period - Stopped by Pekka Rinne with a rebound.
17:48 of 3rd period - Wrist shot by Niclas Bergfors.
17:48 of 3rd period - Stopped by Pekka Rinne with a rebound.
17:50 of 3rd period - Snap shot by Dave Tanabe.
17:50 of 3rd period - Shot Blocked by Steve Eminger.
19:33 of 3rd period - Wrist shot by Brad Marchand.
19:33 of 3rd period - Stopped by Jimmy Howard with a rebound.
Goals for this period are 0 for Flames vs 1 for Blackhawks.
Shots for this period are 7 for Flames vs 8 for Blackhawks.
Back to the Top